 Dungeon Crawl Stone Soup version 0.22.1-2-g9c5b331383 (webtiles) character file.

280 Knicklaso the Magician (level 6, -2/44 HPs)
             Began as a Gnoll Wizard on Nov 26, 2018.
             Slain by a gnoll
             ... wielding a +0 spear
              (6 damage)
             ... on level 4 of the Dungeon.
             The game lasted 00:05:54 (3008 turns).

Knicklaso the Magician (Gnoll Wizard)               Turns: 3008, Time: 00:05:55

Health: -2/44      AC:  4    Str: 10    XL:     6   Next: 27%
Magic:  5/16       EV: 14    Int: 22    God:
Gold:   163        SH:  0    Dex: 13    Spells: 14/19 levels left

rFire    . . .     SeeInvis .   n - +1 dagger (speed)
rCold    + . .     Gourm    .   (no shield)
rNeg     . . .     Faith    .   a - +0 robe
rPois    .         Spirit   .   b - +0 hat
rElec    .         Reflect  .   v - +0 cloak
rCorr    .         Harm     .   (no gloves)
MR       .....     Rnd*Tele +   r - +0 pair of boots
Stlth    +++.......             (no amulet)
HPRegen  0.14/turn              f - ring of protection from cold
MPRegen  0.15/turn              i - ring of teleportation (curse)

@: no status effects
A: distributed training, fangs 1, strong nose
a: no special abilities


You were on level 4 of the Dungeon.
You were not hungry.

You visited 1 branch of the dungeon, and saw 4 of its levels.

You collected 163 gold pieces.

Inventory:

Hand Weapons
 n - a +1 dagger of speed (weapon)
Armour
 a - a +0 robe (worn)
 b - a +0 hat (worn)
 r - a +0 pair of boots (worn)
 v - a +0 cloak (worn)
 B - a +0 shield
Jewellery
 f - a ring of protection from cold (left hand)
 i - a cursed ring of teleportation (right hand)
Wands
 j - a wand of disintegration (8)
 A - a wand of polymorph (18)
Scrolls
 c - 3 scrolls of teleportation
 h - 3 scrolls of immolation {unknown}
 l - 2 scrolls of identify {unknown}
 o - a scroll of enchant armour {unknown}
 q - a scroll of amnesia {unknown}
 t - 2 scrolls of magic mapping {unknown}
 y - a scroll of remove curse {unknown}
Potions
 e - 2 potions of curing {unknown}
 g - 2 potions of agility {unknown}
 k - a potion of lignification {unknown}
 m - 2 potions of might {unknown}
 p - a potion of haste {unknown}
 s - a potion of brilliance {unknown}
 u - a potion of flight {unknown}
 x - 2 potions of mutation {unknown}
 z - a potion of cancellation {unknown}
Comestibles
 d - 7 rations
 w - a chunk of flesh


   Skills:
 + Level 1.8 Fighting
 + Level 1.8 Short Blades
 + Level 1.8 Long Blades
 + Level 1.8 Axes
 + Level 1.8 Maces & Flails
 + Level 1.8 Polearms
 + Level 1.8 Staves
 + Level 1.8 Slings
 + Level 1.8 Bows
 + Level 1.8 Crossbows
 + Level 1.8 Throwing
 + Level 1.8 Armour
 + Level 4.9 Dodging
 + Level 4.5 Stealth
 + Level 1.8 Shields
 + Level 1.8 Unarmed Combat
 + Level 7.4 Spellcasting
 + Level 2.6 Conjurations
 + Level 1.4 Hexes
 + Level 1.4 Charms
 + Level 2.6 Summonings
 + Level 1.4 Necromancy
 + Level 2.6 Translocations
 + Level 1.4 Transmutations
 + Level 1.4 Fire Magic
 + Level 1.4 Ice Magic
 + Level 1.4 Air Magic
 + Level 1.4 Earth Magic
 + Level 1.4 Poison Magic
 + Level 2.0 Invocations
 + Level 1.8 Evocations


You had 14 spell levels left.
You knew the following spells:

 Your Spells              Type           Power        Failure   Level  Hunger
a - Magic Dart            Conj           ###.         2%          1    None
d - Call Imp              Summ           ###.....     4%          2    None
h - Blink                 Tloc           N/A          4%          2    None

Your spell library contained the following spells:

 Spells                   Type           Power        Failure   Level  Hunger
 Slow                     Hex            ##......     7%          2    None
 Conjure Flame            Conj/Fire      ###.....     11%         3    None
 Mephitic Cloud           Conj/Pois/Air  ###.....     11%         3    None


Dungeon Overview and Level Annotations

Branches:
Dungeon (4/15)
 Temple: D:4-7

Altars:


Innate Abilities, Weirdness & Mutations

Your experience applies equally to all skills.
You have very sharp teeth.
Your uncanny sense of smell can sniff out nearby items.


Message History

The gnoll is severely wounded.
Your crimson imp hits the gnoll.
The gnoll misses you.
Your crimson imp completely misses the gnoll.
Your crimson imp hits the gnoll but does no damage.
You hit the gnoll but do no damage.
The gnoll is severely wounded.
The gnoll closely misses you.
You hit the gnoll.
The gnoll is almost dead.
Your crimson imp blinks!
The gnoll hits you with a spear!
* * * LOW HITPOINT WARNING * * *
Your crimson imp hits the gnoll. x2
You hit the gnoll.
You kill the gnoll!
The gnoll hits you from afar with a spear.
* * * LOW HITPOINT WARNING * * *
Your crimson imp hits the gnoll.
Your crimson imp misses the gnoll.
The gnoll hits you with a spear.
You die...

#....#.####.....########
#.####.....##...#
#.##.......##.#.#
#.##.##....##.#.#
#.##.##.......#.#
######.##.#####....#.#
#.........# #...##..∆
#.........#
#..5#########..
#........##
#.@g§.........# .
#........#
#...5########.#
#.....)..# ##.5.........
#........# ###.#..##...
# #........# #####.#..#
# #........# #.....####
# #........# #.####### #
#........# #.......# ##
#........# #######.# #.


You could see a gnoll and 3 friendly crimson imps.

Vanquished Creatures
  An orc priest (D:3)
  An orc wizard (D:3)
  A worker ant (D:4)
  4 gnolls (D:4)
  2 adders
  2 dart slugs (D:3)
  5 leopard geckos
  12 orcs
  4 bats
  2 giant cockroaches (D:3)
  5 goblins
  3 hobgoblins
  7 jackals
  4 frilled lizards
  10 kobolds
  4 rats
67 creatures vanquished.

Vanquished Creatures (collateral kills)
  A bullfrog skeleton (D:4)
  A hound (D:4)
  A worker ant (D:4)
  3 gnolls (D:4)
  A leopard gecko (D:4)
  A ball python (D:4)
8 creatures vanquished.

Grand Total: 75 creatures vanquished

Notes
Turn   | Place    | Note
-------+----------+-------------------------------------------
     0 | D:1      | Knicklaso the Gnoll Wizard began the quest for the Orb.
     0 | D:1      | Reached XP level 1. HP: 13/13 MP: 8/8
   114 | D:1      | Reached XP level 2. HP: 19/19 MP: 5/10
   181 | D:1      | Learned a level 2 spell: Blink
   184 | D:1      | Learned a level 2 spell: Call Imp
   605 | D:2      | Reached XP level 3. HP: 25/25 MP: 6/11
   999 | D:3      | Reached skill level 1 in Invocations
  1248 | D:3      | Reached skill level 1 in Fighting
  1248 | D:3      | Reached skill level 1 in Short Blades
  1248 | D:3      | Reached skill level 1 in Long Blades
  1248 | D:3      | Reached skill level 1 in Axes
  1248 | D:3      | Reached skill level 1 in Maces & Flails
  1248 | D:3      | Reached skill level 1 in Polearms
  1248 | D:3      | Reached skill level 1 in Staves
  1248 | D:3      | Reached skill level 1 in Slings
  1248 | D:3      | Reached skill level 1 in Bows
  1248 | D:3      | Reached skill level 1 in Crossbows
  1248 | D:3      | Reached skill level 1 in Throwing
  1248 | D:3      | Reached skill level 1 in Armour
  1248 | D:3      | Reached skill level 1 in Shields
  1248 | D:3      | Reached skill level 1 in Unarmed Combat
  1248 | D:3      | Reached skill level 1 in Evocations
  1248 | D:3      | Reached XP level 4. HP: 8/32 MP: 5/13
  1808 | D:3      | Reached skill level 1 in Hexes
  1808 | D:3      | Reached skill level 1 in Charms
  1808 | D:3      | Reached skill level 1 in Necromancy
  1808 | D:3      | Reached skill level 1 in Transmutations
  1808 | D:3      | Reached skill level 1 in Fire Magic
  1808 | D:3      | Reached skill level 1 in Ice Magic
  1808 | D:3      | Reached skill level 1 in Air Magic
  1808 | D:3      | Reached skill level 1 in Earth Magic
  1808 | D:3      | Reached skill level 1 in Poison Magic
  1912 | D:3      | Reached XP level 5. HP: 37/37 MP: 0/14
  2711 | D:4      | Reached XP level 6. HP: 42/44 MP: 13/16
  3008 | D:4      | Slain by a gnoll

Skill      XL: |  1  2  3  4  5  6 |
---------------+-------------------+-----
Conjurations   | 2 |  2.6
Summonings     | 2 |  2.6
Translocations | 2 |  2.6
Invocations    | 1 2 |  2.0
Fighting       | 1 |  1.8
Short Blades   | 1 |  1.8
Long Blades    | 1 |  1.8
Axes           | 1 |  1.8
Maces & Flails | 1 |  1.8
Polearms       | 1 |  1.8
Staves         | 1 |  1.8
Slings         | 1 |  1.8
Bows           | 1 |  1.8
Crossbows      | 1 |  1.8
Throwing       | 1 |  1.8
Armour         | 1 |  1.8
Shields        | 1 |  1.8
Unarmed Combat | 1 |  1.8
Evocations     | 1 |  1.8
Hexes          | 1 |  1.4
Charms         | 1 |  1.4
Necromancy     | 1 |  1.4
Transmutations | 1 |  1.4
Fire Magic     | 1 |  1.4
Ice Magic      | 1 |  1.4
Air Magic      | 1 |  1.4
Earth Magic    | 1 |  1.4
Poison Magic   | 1 |  1.4
Dodging        | |  4.9
Stealth        | |  4.5
Spellcasting   | |  7.4

Action                   |  1- 3 |  4- 6 || total
-------------------------+-------+-------++-------
Melee: Dagger            |     4 |    82 ||    86
       Bite              |       |     9 ||     9
       Punch             |       |     1 ||     1
 Cast: Magic Dart        |    68 |    84 ||   152
       Call Imp          |     3 |     9 ||    12
  Use: Scroll            |       |     1 ||     1
 Stab: Sleeping          |       |     1 ||     1
       Distracted        |       |     1 ||     1
  Eat: Chunk             |     1 |     5 ||     6
Armor: Robe              |     1 |     8 ||     9
Dodge: Dodged            |    12 |    54 ||    66
